 Dungeon Crawl Stone Soup version 0.27-a0-1081-ge8a0a9c698 (webtiles) character file.

Game seed: 13410787361248132130

2434 HoaS the Cruncher (level 9, 0/48 HPs)
             Began as a Gargoyle Gladiator on Apr 25, 2021.
             Was a Priest of Okawaru.
             Killed from afar by a steam dragon (8 damage)
             ... with a ball of steam
             ... on level 7 of the Dungeon.
             The game lasted 00:13:52 (6641 turns).

HoaS the Cruncher (Gargoyle Gladiator)              Turns: 6641, Time: 00:13:52

Health: 0/48       AC: 21    Str: 20    XL:     9   Next: 49%
Magic:  11/11      EV:  8    Int: 10    God:    Okawaru [***...]
Gold:   380        SH:  0    Dex: 17    Spells: 8/8 levels left

rFire    . . .     SeeInvis .   a - +0 quarterstaff (freeze)
rCold    . . .     Faith    .   (shield currently unavailable)
rNeg     + . .     Spirit   .   l - +0 chain mail
rPois    ∞         Reflect  .   c - +2 helmet
rElec    +         Harm     .   (no cloak)
rCorr    .         Rampage  .   (no gloves)
Will     .....                  (no boots)
Stlth    ..........             (no amulet)
HPRegen  0.16/turn              i - +6 ring of dexterity
MPRegen  0.12/turn              o - +4 ring of protection

@: no status effects
A: AC +6, negative energy resistance 1, electricity resistance, torment
resistance 1, unbreathing 1, petrification resistance
a: Renounce Religion, Heroism


You were on level 7 of the Dungeon.
You worshipped Okawaru.
Okawaru was most pleased with you.
You visited 2 branches of the dungeon, and saw 8 of its levels.

You collected 380 gold pieces.

Inventory:

Hand Weapons
 a - a +0 quarterstaff of freezing (weapon)
Missiles
 b - 31 poisoned darts
 h - 38 bolts
 p - a throwing net (quivered)
 s - 11 boomerangs
Armour
 c - a +2 helmet (worn)
 l - a +0 chain mail (worn)
Jewellery
 i - a +6 ring of dexterity (left hand)
 o - a +4 ring of protection (right hand)
Wands
 q - a wand of paralysis (6)
 t - a wand of iceblast (8)
Scrolls
 k - a scroll of blinking
 u - 2 scrolls of teleportation
 w - a scroll of identify
Potions
 d - a potion of attraction {unknown}
 e - a potion of lignification
 f - 4 potions of curing
 g - 2 potions of heal wounds
 j - 2 potions of might
 m - 4 potions of haste
 n - 2 potions of flight
 r - 2 potions of berserk rage
 v - a potion of cancellation {unknown}


   Skills:
 - Level 2.1 Fighting
 + Level 12.2 Staves
 - Level 1.7 Throwing
 - Level 2.4 Dodging
 - Level 3.0 Invocations


You had 8 spell levels left.
You didn't know any spells.
Your spell library contained the following spells:

 Spells                   Type           Power      Damage    Failure   Level
 Magic Dart               Conj           0%         1d3       99%         1
 Blink                    Tloc           N/A        N/A       100%        2
 Call Imp                 Summ           0%         N/A       100%        2
 Poisonous Vapours        Pois/Air       0%         N/A       100%        2
 Slow                     Hex            0%         N/A       100%        2
 Confusing Touch          Hex            0%         N/A       100%        3
 Conjure Flame            Conj/Fire      0%         6-21      100%        3
 Gell's Gravitas          Tloc           0%         N/A       100%        3
 Mephitic Cloud           Conj/Pois/Air  0%         N/A       100%        3
 Petrify                  Tmut/Erth      0%         N/A       100%        4
 Metabolic Englaciation   Hex/Ice        0%         N/A       100%        5
 Yara's Violent Unravell  Hex/Tmut       0%         3d3       100%        5
 Freezing Cloud           Conj/Ice/Air   0%         6-21      100%        6


Dungeon Overview and Level Annotations

Branches:
Dungeon (7/15)             Temple (1/1) D:5

Altars:
Cheibriados
Dithmenos
Fedhas
Gozag
Hepliaklqana
Makhleb
Nemelex Xobeh
Okawaru
Qazlal
Sif Muna
Trog
Uskayaw
Vehumet
Wu Jian
Xom
Yredelemnul
Zin
The Shining One

Annotations:
D:5 kae's ghost, novice DrTm
D:7 1 runed translucent door, Crazy Yiuf


Innate Abilities, Weirdness & Mutations

Your stone body is resilient. (AC +6)
You are immune to poison.
You resist negative energy. (rN+)
You are resistant to electric shocks. (rElec)
You are resistant to unholy torment.
You can survive without breathing.
You are immune to petrification.


Message History

The steam dragon barely misses you.
The steam dragon claws you but does no damage.
You hit the steam dragon but do no damage.
The steam dragon is severely wounded.
You closely miss the steam dragon.
The steam dragon is severely wounded.
The steam dragon bites you but does no damage.
The steam dragon claws you but does no damage.
You hit the steam dragon but do no damage.
The steam dragon is severely wounded.
The steam dragon breathes steam at you.
The ball of steam hits you but does no damage.
You hit the steam dragon but do no damage.
The steam dragon is severely wounded.
You are engulfed in a cloud of scalding steam.
* * * LOW HITPOINT WARNING * * *
You hit the steam dragon but do no damage.
The steam dragon is severely wounded.
You are engulfed in a cloud of scalding steam.
* * * LOW HITPOINT WARNING * * *
The steam dragon bites you.
* * * LOW HITPOINT WARNING * * *
The steam dragon claws you but does no damage.
You closely miss the steam dragon.
The steam dragon is severely wounded.
The steam dragon bites you but does no damage.
The steam dragon closely misses you.
You closely miss the steam dragon.
The steam dragon is severely wounded.
The steam dragon barely misses you. The steam dragon claws you.
* * * LOW HITPOINT WARNING * * *
You hit the steam dragon but do no damage.
The steam dragon is severely wounded.
The steam dragon bites you but does no damage.
The steam dragon claws you but does no damage.
You hit the steam dragon but do no damage.
The steam dragon is severely wounded.
The steam dragon breathes steam at you. The ball of steam hits you!
You die...

..# ............##
###
..............##
...............#
...............#
...............# #
...............# #
...............#
##
.....>.........#
.#
.......@D......#
.##
..............##
..#
#........##.$##
#.##
##########..##
#..# ##...# ##.##
#### ##...## ##.##
#..######...##
#..###..........##
##.##...........#


You could see a steam dragon (catching breath).

Vanquished Creatures
  Pikel (D:7)
  Grinder (D:3)
  An acid dragon (D:7)
  3 black bears
  3 ogres
  A necrophage (D:6)
  2 lemures (D:7)
  A scorpion (D:7)
  A wyvern zombie (D:7)
  A water moccasin skeleton (D:5)
  3 howler monkeys (D:7)
  A bullfrog zombie (D:6)
  A centaur zombie (D:4)
  A water moccasin simulacrum (D:5)
  A centaur skeleton (D:7)
  4 hounds
  2 jellies (D:5)
  An iguana (D:5)
  3 orc wizards
  2 centaur simulacra (D:5)
  9 adders
  10 gnolls
  2 hound simulacra (D:5)
  3 white imps
  3 ufetubi
  An adder skeleton (D:4)
  A worm (D:3)
  3 dart slugs
  19 orcs
  11 endoplasms
  2 giant cockroaches
  12 goblins
  2 hobgoblins (D:3)
  8 jackals
  6 quokkas
  5 ball pythons
  7 bats
  2 frilled lizards
  7 kobolds
  9 rats
156 creatures vanquished.

Vanquished Creatures (others)
  2 fungi (D:2)
  A plant (D:2)
3 creatures vanquished.

Grand Total: 159 creatures vanquished

Notes
Turn   | Place    | Note
-------+----------+-------------------------------------------
     0 | D:1      | HoaS the Gargoyle Gladiator began the quest for the Orb.
     0 | D:1      | Reached XP level 1. HP: 12/12 MP: 1/1
   196 | D:1      | Reached XP level 2. HP: 15/17 MP: 2/2
   458 | D:1      | Reached skill level 4 in Staves
   533 | D:1      | Reached XP level 3. HP: 21/21 MP: 3/3
   942 | D:2      | Reached XP level 4. HP: 24/26 MP: 4/4
   979 | D:2      | Reached skill level 5 in Staves
  1001 | D:2      | Found a faded altar of an unknown god.
  1166 | D:2      | Reached XP level 5. HP: 28/30 MP: 5/5
  1607 | D:3      | Reached skill level 6 in Staves
  1665 | D:3      | Found a shadowy altar of Dithmenos.
  1914 | D:3      | Noticed an ogre
  1951 | D:3      | Killed an ogre
  1952 | D:3      | Reached XP level 6. HP: 33/35 MP: 6/6
  2099 | D:3      | Noticed Grinder
  2106 | D:3      | Paralysed by Grinder for 3 turns
  2118 | D:3      | Paralysed by Grinder for 7 turns
  2137 | D:3      | Paralysed by Grinder for 4 turns
  2415 | D:3      | Paralysed by Grinder for 7 turns
  2424 | D:3      | Killed Grinder
  2425 | D:3      | Reached skill level 7 in Staves
  2425 | D:3      | Reached XP level 7. HP: 31/40 MP: 7/7
  2766 | D:4      | Reached skill level 8 in Staves
  2794 | D:4      | Found an opulent altar of Gozag.
  3237 | D:4      | Found a bloodstained altar of Trog.
  3273 | D:4      | Found a shimmering altar of Xom.
  3375 | D:4      | Found a blossoming altar of Fedhas.
  3626 | D:5      | Entered Level 5 of the Dungeon
  3626 | D:5      | Found a staircase to the Ecumenical Temple.
  3653 | Temple   | Entered the Ecumenical Temple
  3893 | Temple   | Became a worshipper of Warmaster Okawaru
  4009 | D:5      | Found a runed translucent gate.
  4009 | D:5      | Found a runed translucent gate.
  4009 | D:5      | Found a runed translucent gate.
  4106 | D:5      | Reached skill level 1 in Invocations
  4645 | D:5      | Noticed kae's ghost (novice DrTm)
  4692 | D:5      | Reached skill level 9 in Staves
  4692 | D:5      | Reached XP level 8. HP: 44/44 MP: 8/10
  5190 | D:6      | Reached * piety under Okawaru
  5314 | D:6      | Found a glowing silver altar of Zin.
  5355 | D:6      | Found a hazy altar of Hepliaklqana.
  5407 | D:6      | Reached skill level 10 in Staves
  5481 | D:6      | Identified the +3 hunting sling of Grandeur {speed, Will++
                  | Str-5 Int+5}
  5753 | D:7      | Found a basalt altar of Yredelemnul.
  5885 | D:7      | Noticed Pikel
  5901 | D:7      | Killed Pikel
  5901 | D:7      | Reached ** piety under Okawaru
  5902 | D:7      | Reached skill level 11 in Staves
  5902 | D:7      | Reached XP level 9. HP: 30/48 MP: 11/11
  6180 | D:7      | Reached *** piety under Okawaru
  6181 | D:7      | Reached skill level 12 in Staves
  6411 | D:7      | Found a runed translucent door.
  6412 | D:7      | Noticed Crazy Yiuf
  6641 | D:7      | Killed from afar by a steam dragon

Illustrated notes

Levels and vault maps discovered:
D:1:      ebering_hopf_link, layout_rooms
D:2:      layout_rooms, shapermc_ecumenical_altar_gd,
          amcnicky_mini_corridor_feature, minmay_quadrilaterals
D:3:      layout_basic, nicolae_dithmenos_the_darkroom, uniq_grinder
D:4:      layout_basic, grunt_gozag_breadcrumbs, lemuel_round_altar,
          lemuel_tele_altar, lemuel_crystal_altar, roderic_lattice_a
D:5:      layout_basic, minmay_temple_entry_grid, gammafunk_ghost_icy,
          minmay_misc_feat_pillars
D:6:      layout_cave_pools, kennysheep_little_box, zin_treasury
D:7:      layout_cave_pods, kennysheep_ying_yang, minmay_microvault,
          uniq_crazy_yiuf_cottage, uniq_pikel
Temple:   dpeg_chambers_temple

Skill      XL: |  1  2  3  4  5  6  7  8  9 |
---------------+----------------------------+-----
Staves         | 4 5 6 7 9 11 12 | 12.2
Invocations    | 2 3 |  3.0
Fighting       | |  2.1
Throwing       | |  1.7
Dodging        | |  2.4

Action                   |  1- 3 |  4- 6 |  7- 9 || total
-------------------------+-------+-------+-------++-------
Melee: Quarterstaff      |   103 |   165 |   309 ||   577
Throw: Throwing net      |       |     1 |     2 ||     3
       Dart              |       |     2 |     5 ||     7
       Boomerang         |       |       |     1 ||     1
  Use: Scroll            |     1 |     3 |    12 ||    16
 Stab: Held in net/web   |       |       |     1 ||     1
Armor: Leather armour    |    19 |       |       ||    19
       Ring mail         |    25 |    31 |       ||    56
       Chain mail        |       |    46 |   161 ||   207
Dodge: Dodged            |    66 |    66 |    82 ||   214

Table legend: (Time is in decaauts)
 A = Elapsed time spent in this place.
 B = Non-inter-level travel time spent in this place.
 C = Inter-level travel time spent in this place.
 D = Time resting spent in this place.
 E = Time spent auto-exploring this place.
 F = Levels seen in this place.
 G = Mean time per level.
                   A        B        C        D        E       F      G
               +--------+--------+--------+--------+--------+-----+--------+
         Total |   6587 |   6373 |    214 |   1484 |   3612 |   8 |  823.4 |
       Dungeon |   6333 |   6153 |    180 |   1484 |   3394 |   7 |  904.7 |
        Temple |    253 |    219 |     34 |      0 |    218 |   1 |  253.0 |
               +--------+--------+--------+--------+--------+-----+--------+

Top non-repeatable levels by time:
     D:5: 1286 daAuts
     D:2: 1057 daAuts
     D:3: 994 daAuts
     D:7: 892 daAuts
     D:4: 885 daAuts
     D:1: 692 daAuts
     D:6: 525 daAuts
  Temple: 253 daAuts
